 Dungeon Crawl Stone Soup version 0.23-a0-625-g1d2cd9b (webtiles) character file.

55537 Gorice the Carver (level 14, -1/116 HPs)
             Began as a Demonspawn Wanderer on Dec 24, 2018.
             Was a High Priest of Makhleb.
             Killed from afar by an ice statue (2 damage)
             ... with a shard of ice
             ... in an ice cave.
             The game lasted 01:35:15 (17381 turns).

Gorice the Carver (Demonspawn Wanderer)            Turns: 17381, Time: 01:35:16

Health: -1/116     AC: 16    Str: 15    XL:     14   Next: 38%
Magic:  21/21      EV:  3    Int: 14    God:    Makhleb [*****.]
Gold:   2094       SH:  8    Dex: 15    Spells: 13/13 levels left

rFire    . . .     SeeInvis .   a - +3 scimitar (flame)
rCold    . . .     Gourm    .   y - +0 shield
rNeg     . . .     Faith    .   q - +0 plate armour
rPois    .         Spirit   .   i - +1 hat
rElec    .         Reflect  .   P - +0 cloak
rCorr    .         Harm     .   (no gloves)
MR       +....                  (no boots)
Stlth    ..........             r - amulet of regeneration
HPRegen  0.69/turn              l - +3 ring of slaying
MPRegen  0.17/turn              (no ring)

@: corroded, very slightly contaminated
A: antennae 2, rugged brown scales 2, spiny 3, rot immunity
a: Minor Destruction, Lesser Servant of Makhleb, Major Destruction, Greater
Servant of Makhleb, Renounce Religion


You were in an ice cave.
You worshipped Makhleb.
Makhleb was extremely pleased with you.
You were not hungry.

You visited 3 branches of the dungeon, and saw 19 of its levels.
You also visited: Ice Cave and Volcano.

You collected 2094 gold pieces.

Inventory:

Hand Weapons
 a - a +3 scimitar of flaming (weapon)
   (You took it off Erica on level 8 of the Dungeon)
 f - a +2 scimitar of freezing
   (You took it off a wight on level 8 of the Dungeon)
 k - a +3 great sword of freezing
   (You took it off a wight on level 11 of the Dungeon)
 B - a +0 blowgun
Missiles
 m - 20 javelins (quivered)
 o - 9 curare-tipped needles
 O - 26 tomahawks
 Z - 2 throwing nets {!f}
Armour
 i - a +1 hat (worn)
 q - a +0 plate armour (worn)
 y - a +0 shield (worn)
 P - a +0 cloak (worn)
Jewellery
 l - a +3 ring of slaying (left hand)
 r - an amulet of regeneration (around neck)
 F - the ring "Vyerauz" {Fire rElec}
   (You found it on level 11 of the Dungeon)

   [ring of fire]

   It enhances your fire magic.
   It protects you from fire.
   It makes you vulnerable to cold.
   It insulates you from electricity.
Wands
 c - a wand of acid (8)
 j - a wand of paralysis (7)
 t - a wand of digging (5)
 u - a wand of enslavement (20)
 x - a wand of polymorph (24)
 E - a wand of clouds (4)
 M - a wand of disintegration (32)
Scrolls
 p - a scroll of enchant weapon
 w - 5 scrolls of teleportation {!r}
 A - a scroll of amnesia
 I - 3 scrolls of remove curse
 N - 3 scrolls of identify
 S - a scroll of blinking
 U - 2 scrolls of fear {!r}
Potions
 b - a potion of agility {!q}
 e - 9 potions of curing
 g - 5 potions of flight
 h - 2 potions of invisibility {!q}
 v - a potion of magic {!q}
 z - a potion of might {!q}
 C - 5 potions of haste {!q}
 Q - 2 potions of berserk rage
Miscellaneous
 s - a phial of floods
 L - a lightning rod (4/4) {!a}
Comestibles
 d - 32 rations


   Skills:
 + Level 10.8 Fighting
   Level 1.7(9.4) Short Blades
 - Level 13.9(14.0) Long Blades
   Level 1.0 Axes
 + Level 13.8 Armour
 - Level 1.0 Dodging
 - Level 1.0 Stealth
 - Level 1.0 Shields
 + Level 10.5 Invocations


You had 13 spell levels left.
You didn't know any spells.
Your spell library contained the following spells:

 Spells                   Type           Power        Failure   Level  Hunger
 Corona                   Hex            #......      100%        1    ##.....
 Magic Dart               Conj           #...         100%        1    ##.....
 Summon Small Mammal      Summ           #...         100%        1    ##.....
 Call Imp                 Summ           #.......     100%        2    ###....
 Ensorcelled Hibernation  Hex/Ice        #.....       100%        2    ###....
 Poisonous Vapours        Pois/Air       #.....       100%        2    ###....
 Searing Ray              Conj           #.....       100%        2    ###....
 Slow                     Hex            #.......     100%        2    ###....
 Call Canine Familiar     Summ           #.......     100%        3    ####...
 Confuse                  Hex            #.......     100%        3    ####...
 Conjure Flame            Conj/Fire      #.......     100%        3    ####...
 Dazzling Spray           Conj/Hex       #.....       100%        3    ####...
 Inner Flame              Hex/Fire       #.......     100%        3    ####...
 Mephitic Cloud           Conj/Pois/Air  #.......     100%        3    ####...
 Portal Projectile        Hex/Tloc       #.....       100%        3    ####...
 Summon Guardian Golem    Hex/Summ       #.......     100%        3    ####...
 Tukima's Dance           Hex            #.......     100%        3    ####...
 Cause Fear               Hex            #.........   100%        4    #####..
 Force Lance              Conj/Tloc      #.......     100%        4    #####..
 Fulminant Prism          Conj/Hex       #.........   100%        4    #####..
 Iskenderun's Mystic Bla  Conj           #.......     100%        4    #####..
 Leda's Liquefaction      Hex/Erth       #.........   100%        4    #####..
 Summon Ice Beast         Ice/Summ       #.......     100%        4    #####..
 Summon Lightning Spire   Summ/Air       #.......     100%        4    #####..
 Freezing Cloud           Conj/Ice/Air   #.........   100%        6    #######
 Ring of Flames           Chrm/Fire      #.........   100%        7    #######


Dungeon Overview and Level Annotations

Branches:
Dungeon (12/15)            Temple (1/1) D:7            Lair (6/6) D:10
 Shoals (0/4) Lair:4       Spider (0/4) Lair:4        Slime (0/5) Lair:5
    Orc (0/2) D:9

Altars:
Ashenzari
Cheibriados
Dithmenos
Elyvilon
Fedhas
Gozag
Hepliaklqana
Kikubaaqudgha
Makhleb
Nemelex Xobeh
Okawaru
Qazlal
Ru
Sif Muna
Trog
Uskayaw
Vehumet
Wu Jian
Xom
Yredelemnul
Zin
The Shining One
Jiyva

Shops:
D:9 }   D:10 *

Portals:
Trove: D:10 (show slimy rune of Zot)

Annotations:
Lair:1 3 runed doors, Duffy's ghost, journeyman DEFE IceCv exclusion: 3 ice statues


Innate Abilities, Weirdness & Mutations

You have a pair of antennae on your head.
You are mostly covered in rugged brown scales. (AC +2, +5% HP)
You are completely covered in sharp spines.
You are immune to rotting.


Message History

g - Guard the area. f - Follow me.
Anything else - Cancel.
Gang up on whom?
Press: ? - help, Dir - move target cursor, f - ice statue
Aim: an ice statue (severely damaged) Attack!
Your orange demon stings the ice statue but does no damage.
Your orange demon stings the ice statue from afar.
Unknown command.
The ice statue gestures at your orange demon.
The freezing blast engulfs your orange demon.
Your orange demon dies!
The ice beast hits you but does no damage.
Your ynoxinul is engulfed in freezing vapours.
Your orange demon is engulfed in freezing vapours.
Your orange demon stings the ice statue but does no damage.
Your ynoxinul is engulfed in freezing vapours.
Your ynoxinul hits the ice statue.
Your orange demon is engulfed in freezing vapours.
Your orange demon stings the ice statue from afar!
You see here 30 gold pieces.
Unknown command.
You slash the ice beast!
You melt the ice beast!
The ice beast is almost dead.
The ice statue gestures at your orange demon.
The bolt of cold hits your ynoxinul.
Your ynoxinul resists.
Your ynoxinul dies!
The bolt of cold misses your orange demon.
You block the ice beast's attack.
Your orange demon is engulfed in freezing vapours.
Your orange demon completely misses the ice statue.
Unknown command.
You slash the ice beast!
You melt the ice beast.
You kill the ice beast!
The ice statue gestures.
Unknown command.
Throwing (i - inventory. (/) - cycle)
m - 21 javelins (quivered)
Press: ? - help, Shift-Dir - straight line, f/p - ice statue
Aim: an ice statue (almost destroyed)
You throw a javelin. The javelin hits the ice statue.
The ice statue is almost destroyed.
Your orange demon is engulfed in freezing vapours.
Your orange demon dies!
The ice statue gestures at you. The bolt of cold hits you!
* * * LOW HITPOINT WARNING * * *
The ice statue gestures at you. The shard of ice hits you!
You die...

###########
#)(..:..$:#
#(.......$#
#@.......$#
#.........#
#§§(§.....#
##§§§§...#
##§§...##
###8###
##.{Y..##
##.......##
#.........#


You could see an ice statue and an ice beast.

Vanquished Creatures
  Gastronok (D:9)
  Harold (D:6)
  6 hydras
  Erica (D:8)
  A dancing weapon (Volcano)
  3 death yaks (Lair:6)
  Urug (D:9)
  A fire crab (Lair:6)
  An unseen horror (D:12)
  5 wizards (Volcano)
  3 lindwurms
  A wolf spider (Lair:4)
  An ugly thing (D:11)
  2 elephants (Lair:6)
  3 black mambas
  5 toenail golems (Volcano)
  Joseph (D:9)
  A torpor snail (Lair:6)
  12 spiny frogs
  5 rime drakes
  An efreet (D:10)
  8 komodo dragons
  4 polar bears
  A troll (D:10)
  19 blink frogs
  9 dream sheep (Lair:6)
  9 hippogriffs
  Sigmund (D:5)
  45 yaks
  A shadow (D:12)
  2 hogs
  3 wyverns
  A human (D:7)
  A human (shapeshifter) (D:9)
  Grum (D:10)
  3 basilisks
  5 hungry ghosts
  Duvessa (D:7)
  14 water moccasins
  A black bear (D:7)
  12 ice beasts
  5 porcupines
  5 sky beasts
  2 necrophages
  3 orc warriors
  2 phantoms
  8 wolves
  5 centaurs
  6 crocodiles
  13 bullfrogs
  2 big kobolds (D:9)
  Dowan (D:7)
  A water moccasin zombie (D:8)
  A gnoll sergeant (D:7)
  A wyvern skeleton (D:6)
  3 scorpions
  A troll zombie (D:9)
  16 killer bees
  16 wights
  2 howler monkeys
  An electric eel (Lair:1)
  5 crimson imps
  A bullfrog zombie (D:8)
  A centaur zombie (D:3)
  5 hounds
  3 jellies
  A quasit (D:8)
  11 orc priests
  A bullfrog skeleton (D:4)
  2 gnoll shamans
  An iguana (D:8)
  9 orc wizards
  8 worker ants
  2 killer bee zombies (D:9)
  7 ogre zombies (D:9)
  A howler monkey zombie (D:11)
  A worker ant zombie (D:11)
  7 adders
  18 gnolls
  12 white imps (D:12)
  An adder skeleton (D:5)
  An adder zombie (D:6)
  5 leopard geckos
  49 orcs
  2 giant cockroaches
  6 goblins
  10 hobgoblins
  7 jackals
  5 quokkas
  A ball python (D:2)
  A ball python skeleton (D:4)
  12 bats
  3 frilled lizards
  2 goblin skeletons (D:9)
  4 goblin zombies (D:9)
  A hobgoblin zombie (D:9)
  14 kobolds
  A leopard gecko zombie (D:5)
  4 orc skeletons (D:9)
  14 orc zombies (D:9)
  8 rats
538 creatures vanquished.

Vanquished Creatures (collateral kills)
  A dire elephant (Lair:5)
  2 ugly things (IceCv)
3 creatures vanquished.

Vanquished Creatures (others)
  11 fungi
  4 plants
15 creatures vanquished.

Grand Total: 556 creatures vanquished

Notes
Turn   | Place    | Note
-------+----------+-------------------------------------------
     0 | D:1      | Gorice the Demonspawn Wanderer began the quest for the Orb.
     0 | D:1      | Gorice set off with the following items: a +0 shield, a +0
                  | ring mail, a +0 short sword, a ration
     0 | D:1      | Reached XP level 1. HP: 16/16 MP: 1/1
   149 | D:1      | Reached skill level 2 in Armour
   257 | D:1      | Gained mutation: You have a pair of small antennae on your
                  | head. [demonic ancestry]
   257 | D:1      | Reached XP level 2. HP: 20/23 MP: 2/2
  1030 | D:2      | Reached XP level 3. HP: 26/28 MP: 3/3
  1415 | D:2      | Reached skill level 3 in Fighting
  1529 | D:3      | Found a white marble altar of Elyvilon.
  1641 | D:3      | Reached skill level 3 in Armour
  1641 | D:3      | Gained mutation: You are partially covered in rugged brown
                  | scales. (AC +1, +3% HP) [demonic ancestry]
  1641 | D:3      | Reached XP level 4. HP: 29/36 MP: 4/4
  1975 | D:3      | Gained mutation: You are partially covered in sharp spines.
                  | [demonic ancestry]
  1975 | D:3      | Reached XP level 5. HP: 43/43 MP: 5/5
  2041 | D:3      | Reached skill level 4 in Fighting
  2209 | D:3      | Found a shattered altar of Ashenzari.
  2209 | D:3      | Found a bloodstained altar of Trog.
  2416 | D:4      | Noticed an ogre
  2530 | D:4      | Reached skill level 4 in Armour
  2579 | D:4      | Reached XP level 6. HP: 50/50 MP: 6/6
  2613 | D:4      | Found a shadowy altar of Dithmenos.
  3165 | D:5      | Entered Level 5 of the Dungeon
  3220 | D:5      | Noticed Sigmund
  3240 | D:5      | Killed Sigmund
  3240 | D:5      | Reached skill level 5 in Fighting
  3240 | D:5      | Reached skill level 5 in Armour
  3341 | D:5      | Reached XP level 7. HP: 55/57 MP: 7/7
  3725 | D:5      | Reached skill level 6 in Fighting
  3770 | D:5      | Found a deep blue altar of Sif Muna.
  4175 | D:6      | Reached skill level 6 in Armour
  4272 | D:6      | Gained mutation: You are mostly covered in sharp spines.
                  | [demonic ancestry]
  4272 | D:6      | Reached XP level 8. HP: 66/66 MP: 8/8
  4363 | D:6      | Found an opulent altar of Gozag.
  4420 | D:6      | Reached skill level 7 in Fighting
  4847 | D:6      | Reached skill level 7 in Armour
  4931 | D:7      | Noticed Duvessa
  4943 | D:7      | Noticed Dowan
  4951 | D:7      | Killed Duvessa
  4951 | D:7      | Reached skill level 8 in Fighting
  4958 | D:7      | Killed Dowan
  4989 | D:7      | Found a staircase to the Ecumenical Temple.
  5028 | Temple   | Entered the Ecumenical Temple
  5205 | Temple   | Became a worshipper of Makhleb the Destroyer
  5226 | D:7      | You fall through a shaft!
  5226 | D:8      | Noticed Erica
  5238 | D:8      | Killed Erica
  5238 | D:8      | Reached skill level 9 in Fighting
  5238 | D:8      | Reached skill level 8 in Armour
  5238 | D:8      | Reached XP level 9. HP: 78/78 MP: 9/9
  5400 | D:7      | Found a hazy altar of Hepliaklqana.
  5478 | D:7      | Noticed Harold
  5595 | D:6      | HP: 23/78 [Harold/+0 war axe (15)]
  5600 | D:6      | HP: 22/78 [Harold/+0 war axe (5)]
  5601 | D:6      | Killed Harold
  5601 | D:6      | Reached skill level 10 in Fighting
  5601 | D:6      | Reached skill level 9 in Armour
  5711 | D:7      | Reached skill level 1 in Long Blades
  5865 | D:7      | Found an ornate altar of the Wu Jian Council.
  5916 | D:8      | Gained mutation: You are immune to rotting. [demonic
                  | ancestry]
  5916 | D:8      | Reached XP level 10. HP: 85/86 MP: 10/10
  5963 | D:8      | Reached skill level 2 in Long Blades
  5977 | D:8      | Reached * piety under Makhleb
  6016 | D:8      | Found a snail-covered altar of Cheibriados.
  6074 | D:7      | Reached skill level 3 in Long Blades
  6117 | D:8      | Reached skill level 4 in Long Blades
  6273 | D:8      | Reached skill level 10 in Armour
  6581 | D:8      | Reached skill level 5 in Long Blades
  6646 | D:8      | Reached ** piety under Makhleb
  6871 | D:9      | Reached skill level 6 in Long Blades
  7160 | D:8      | Gained mutation: You are mostly covered in rugged brown
                  | scales. (AC +2, +5% HP) [demonic ancestry]
  7160 | D:8      | Reached XP level 11. HP: 86/94 MP: 11/11
  7184 | D:9      | Reached skill level 7 in Long Blades
  7342 | D:8      | Reached *** piety under Makhleb
  7454 | D:9      | Noticed Joseph
  7464 | D:9      | Killed Joseph
  7544 | D:9      | Reached skill level 8 in Long Blades
  7704 | D:9      | Reached **** piety under Makhleb
  7704 | D:9      | Reached skill level 11 in Armour
  7771 | D:9      | Found a staircase to the Orcish Mines.
  7941 | D:9      | Found Lymin's Gadget Boutique.
  7971 | D:9      | Noticed Gastronok
  7994 | D:9      | Killed Gastronok
  7994 | D:9      | Reached skill level 9 in Long Blades
  8134 | D:10     | Entered Level 10 of the Dungeon
  8239 | D:10     | Noticed Grum
  8241 | D:10     | Noticed Urug
  8252 | D:10     | Killed Grum
  8266 | D:10     | HP: 28/94 [poisoned by Grum]
  8271 | D:10     | HP: 14/94 [poisoned by Grum]
  8276 | D:10     | HP: 16/94 [poisoned by Grum]
  8283 | D:9      | HP: 19/94 [poisoned by Grum]
  8291 | D:9      | HP: 22/94 [poisoned by Grum]
  8425 | D:9      | Killed Urug
  8570 | D:10     | Found Ahuchoet's Lightly-Used Armoury.
  8841 | D:10     | Reached ***** piety under Makhleb
  8866 | D:10     | Reached skill level 10 in Long Blades
  9000 | D:10     | Found a staircase to the Lair.
  9174 | D:10     | Found a portal to a secret trove of treasure.
  9313 | Lair:1   | Entered Level 1 of the Lair of Beasts
  9399 | Lair:1   | Noticed a four-headed hydra
  9409 | Lair:1   | Killed a one-headed hydra
  9409 | Lair:1   | Gained mutation: You are completely covered in sharp
                  | spines. [demonic ancestry]
  9409 | Lair:1   | Reached XP level 12. HP: 98/101 MP: 12/12
  9492 | Lair:1   | Found a runed gate.
  9492 | Lair:1   | Found a runed gate.
  9493 | Lair:1   | Found a runed gate.
  9549 | Lair:1   | Noticed a five-headed hydra
  9556 | Lair:1   | Killed a two-headed hydra
  9758 | Lair:1   | Reached skill level 12 in Armour
  9798 | Lair:1   | Reached skill level 11 in Long Blades
  9992 | Lair:1   | Noticed Duffy's ghost (journeyman DEFE)
 10441 | Lair:2   | Reached skill level 1 in Invocations
 10695 | Lair:2   | Reached skill level 2 in Invocations
 11162 | Lair:3   | Reached skill level 3 in Invocations
 11687 | Lair:4   | Found a staircase to the Shoals.
 11778 | Lair:4   | Reached skill level 4 in Invocations
 11882 | Lair:4   | Reached skill level 12 in Long Blades
 11966 | Lair:4   | Noticed a seven-headed hydra
 11976 | Lair:4   | Killed a two-headed hydra
 12294 | Lair:4   | Reached skill level 5 in Invocations
 12428 | Lair:4   | Found a hole to the Spider Nest.
 12655 | Lair:5   | Gained mutation: You have a pair of antennae on your head.
                  | [demonic ancestry]
 12655 | Lair:5   | Reached XP level 13. HP: 105/108 MP: 16/16
 13001 | Lair:5   | Reached skill level 6 in Invocations
 13102 | Lair:5   | Found a staircase to the Slime Pits.
 13103 | Lair:5   | Found a viscous altar of Jiyva.
 13241 | Lair:5   | Reached ****** piety under Makhleb
 13718 | Lair:6   | Entered Level 6 of the Lair of Beasts
 13875 | Lair:6   | Found a dark tunnel.
 13898 | Volcano  | Entered a volcano
 13918 | Volcano  | Reached skill level 13 in Long Blades
 13918 | Volcano  | Reached skill level 7 in Invocations
 13949 | Volcano  | Reached skill level 13 in Armour
 14095 | Volcano  | Paralysed by a wizard for 6 turns
 14456 | Lair:5   | Reached skill level 8 in Invocations
 14748 | Lair:6   | HP: 30/108 [fire crab] (6)]
 14750 | Lair:6   | HP: 5/108 [something (17)]
 15451 | Lair:6   | Reached skill level 9 in Invocations
 15542 | Lair:6   | Reached XP level 14. HP: 115/115 MP: 20/20
 16161 | Lair:6   | Reached skill level 10 in Invocations
 16442 | D:11     | Got a warped glass ring
 16443 | D:11     | Identified the ring "Vyerauz" {Fire rElec} (You found it on
                  | level 11 of the Dungeon)
 16962 | D:12     | Found a frozen archway.
 17031 | IceCv    | Entered an ice cave
 17209 | IceCv    | HP: 30/116 [ice statue/bolt of cold (12)]
 17375 | IceCv    | HP: 27/116 [ice statue/bolt of cold (19)]
 17381 | IceCv    | HP: 1/116 [ice statue/bolt of cold (30)]
 17381 | IceCv    | Killed from afar by an ice statue

Vault maps used:
D:1:      eino_arrival_cavern_d
D:2:      serial_glass, glass_columns_a, glass_columns_a,
          kennysheep_generic_room_2
D:3:      elyvilon_altar_1, gammafunk_temple_overflow_elements,
          minmay_misc_feat_roman, grunt_decor_one_mirror
D:4:      minmay_evil_eye, first_ration, grunt_dithmenos_smoke_and_mirrors
D:5:      nicolae_overflow_crystal_walls, uniq_sigmund
D:6:      grunt_gozag_breadcrumbs
D:7:      lemuel_coloured_pillars_altar, lemuel_crystal_altar,
          minmay_temple_entry_glass, ebering_dispersal_statue_hall,
          uniq_duvessa, uniq_harold
D:8:      basic_altar, grunt_livestock, uniq_erica
D:9:      hangedman_cross_stitches, zombieorc2_lemuel, serial_shops,
          nicolae_shop_behind_doors, nrook_pool_corridor, uniq_joseph,
          uniq_gastronok
D:10:     lair_entry_dummy, enter_trove_6, chequers_serial_rivers_room_b,
          minmay_shop_damaged, minmay_misc_feat_secret_circle,
          minmay_fractal_squares_gapless_5, uniq_urug, uniq_grum
D:11:     lemuel_another_geyser
D:12:     portal_ice_cave_entry_imps, kennysheep_pointless_box, uniq_rupert
Temple:   eino_temple_scatter_basement
Lair:1:   gammafunk_ghost_icy, nicolae_quartered_pool_medium, lemuel_fruit_tree,
          infiniplex_staircase_pool
Lair:2:   cheibrodos_lair_lostbears
Lair:3:   serial_bayou_shore_b
Lair:4:   elwin_shoals_entry_rocks, spider_nest_entry_rubble
Lair:5:   slime_altar_1
Lair:6:   hangedman_lair_in_review, nicolae_volcano_entry_hallway,
          minmay_hedge_maze, minivault_27
IceCv:    ice_cave_statue_garden_chambered
Volcano:  volcano_bunker

Skill      XL: |  1  2  3  4  5  6  7  8  9 10 11 12 13 14 |
---------------+-------------------------------------------+-----
Armour         | 2 3 4 5 6 8 9 10 11 12 13 | 13.8
Fighting       | 3 4 5 6 9 10 | 10.8
Long Blades    | 1 6 10 12 13 | 13.9
Invocations    | 5 9 10 | 10.5
Short Blades   | |  1.7
Axes           | |  1.0
Dodging        | |  1.0
Stealth        | |  1.0
Shields        | |  1.0

Action                   |  1- 3 |  4- 6 |  7- 9 | 10-12 | 13-15 || total
-------------------------+-------+-------+-------+-------+-------++-------
Melee: Short sword       |   185 |   129 |   257 |   301 |       ||   872
       Scimitar          |       |       |       |   450 |   581 ||  1031
Throw: Stone             |     7 |     2 |       |       |       ||     9
       Tomahawk          |       |       |    14 |    63 |       ||    77
       Javelin           |       |       |     1 |    14 |    22 ||    37
Invok: Lesser Servant of |       |       |       |       |    11 ||    11
       Major Destruction |       |       |       |       |     1 ||     1
Evoke: Wand              |       |       |       |     5 |     1 ||     6
  Use: Scroll            |     6 |     4 |     6 |     7 |     8 ||    31
       Potion            |       |       |     1 |     3 |     1 ||     5
 Stab: Distracted        |       |       |       |     1 |       ||     1
  Eat: Chunk             |     3 |     5 |     9 |    32 |    14 ||    63
       Ration            |       |       |       |       |     1 ||     1
Armor: Ring mail         |    15 |       |       |       |       ||    15
       Fire dragon scale |   116 |    53 |    43 |       |    19 ||   231
       Plate armour      |       |       |    95 |   468 |   318 ||   881
Dodge: Dodged            |    51 |    24 |    43 |    58 |    42 ||   218
Block: Shield            |    75 |    37 |    98 |   252 |   176 ||   638
       Rpst.: Scimitar   |       |       |       |     7 |     9 ||    16

Table legend:
 A = Non-vault XP
 B = Vault XP
 C = Vault XP percentage of total XP
 D = Non-vault monster count
 E = Vault monster count
 F = Vault count percentage of total count
                 A         B        C        D         E       F
            +---------+---------+-------+---------+---------+-------
      Total |   49201 |   30138 |  38.0 |     416 |     125 |  23.1
            +---------+---------+-------+---------+---------+-------
        D:1 |      26 |       0 |   0.0 |      17 |       0 |   0.0
        D:2 |      23 |       5 |  17.9 |      16 |       3 |  15.8
        D:3 |     186 |       0 |   0.0 |      26 |       0 |   0.0
        D:4 |     174 |      50 |  22.3 |      13 |       1 |   7.1
        D:5 |     575 |     223 |  27.9 |      36 |       1 |   2.7
        D:6 |     959 |    1018 |  51.5 |      21 |       1 |   4.5
        D:7 |     989 |     639 |  39.3 |      23 |       4 |  14.8
        D:8 |    4004 |    2317 |  36.7 |      37 |       9 |  19.6
        D:9 |    2180 |    5028 |  69.8 |      45 |      44 |  49.4
       D:10 |    1702 |     747 |  30.5 |      18 |       7 |  28.0
       D:11 |    2387 |       0 |   0.0 |      31 |       0 |   0.0
       D:12 |    1198 |     124 |   9.4 |       4 |      12 |  75.0
     Lair:1 |    6026 |       0 |   0.0 |      19 |       0 |   0.0
     Lair:2 |    2164 |     581 |  21.2 |      10 |       2 |  16.7
     Lair:3 |    2695 |       0 |   0.0 |      11 |       0 |   0.0
     Lair:4 |    4933 |     557 |  10.1 |      20 |       1 |   4.8
     Lair:5 |    8502 |    1013 |  10.6 |      34 |       1 |   2.9
     Lair:6 |   10478 |    9590 |  47.8 |      35 |      20 |  36.4
      IceCv |       0 |    1359 | 100.0 |       0 |       8 | 100.0
    Volcano |       0 |    6887 | 100.0 |       0 |      11 | 100.0
            +---------+---------+-------+---------+---------+-------

Table legend:
 A = Turns spent in this place as a percentage of turns spent in the entire game.
 B = Non-inter-level travel turns spent in this place as a percentage of non-inter-level travel turns spent in the entire game.
 C = Inter-level travel turns spent in this place as a percentage of turns spent in this place.
 D = Turns resting spent in this place as a percentage of non-inter-level travel turns spent in this place.
 E = Turns spent auto-exploring this place as a percentage of non-inter-level travel turns spent in this place.
 F = Non-inter-level travel turns spent in this place divided by the number of levels of this place that you've seen.
                   A       B       C       D       E      F
               +-------+-------+-------+-------+-------+----------------------
         Total | 100.0 | 100.0 |   4.0 |  11.2 |  46.5 | 794.3
       Dungeon |  56.3 |  56.4 |   3.9 |   7.7 |  49.1 | 784.1
        Temple |   1.1 |   1.1 |   6.3 |   0.0 |  91.1 | 179.0
          Lair |  37.8 |  37.6 |   4.6 |  14.3 |  45.9 | 1044.2
      Ice Cave |   2.0 |   2.1 |   0.0 |  49.4 |   0.0 | 350.0
       Volcano |   2.7 |   2.9 |   0.0 |  15.1 |  19.7 | 477.0
               +-------+-------+-------+-------+-------+----------------------

Vault maps used:
D:1:      eino_arrival_cavern_d
D:2:      serial_glass, glass_columns_a, glass_columns_a,
          kennysheep_generic_room_2
D:3:      elyvilon_altar_1, gammafunk_temple_overflow_elements,
          minmay_misc_feat_roman, grunt_decor_one_mirror
D:4:      minmay_evil_eye, first_ration, grunt_dithmenos_smoke_and_mirrors
D:5:      nicolae_overflow_crystal_walls, uniq_sigmund
D:6:      grunt_gozag_breadcrumbs
D:7:      lemuel_coloured_pillars_altar, lemuel_crystal_altar,
          minmay_temple_entry_glass, ebering_dispersal_statue_hall,
          uniq_duvessa, uniq_harold
D:8:      basic_altar, grunt_livestock, uniq_erica
D:9:      hangedman_cross_stitches, zombieorc2_lemuel, serial_shops,
          nicolae_shop_behind_doors, nrook_pool_corridor, uniq_joseph,
          uniq_gastronok
D:10:     lair_entry_dummy, enter_trove_6, chequers_serial_rivers_room_b,
          minmay_shop_damaged, minmay_misc_feat_secret_circle,
          minmay_fractal_squares_gapless_5, uniq_urug, uniq_grum
D:11:     lemuel_another_geyser
D:12:     portal_ice_cave_entry_imps, kennysheep_pointless_box, uniq_rupert
Temple:   eino_temple_scatter_basement
Lair:1:   gammafunk_ghost_icy, nicolae_quartered_pool_medium, lemuel_fruit_tree,
          infiniplex_staircase_pool
Lair:2:   cheibrodos_lair_lostbears
Lair:3:   serial_bayou_shore_b
Lair:4:   elwin_shoals_entry_rocks, spider_nest_entry_rubble
Lair:5:   slime_altar_1
Lair:6:   hangedman_lair_in_review, nicolae_volcano_entry_hallway,
          minmay_hedge_maze, minivault_27
IceCv:    ice_cave_statue_garden_chambered
Volcano:  volcano_bunker
